Map: Arctic Dream LE

Players

Massa

  • Race: Terran Terran
  • League: Platinum
  • Spawn Location: 12:00

qqq

  • Race: Zerg Zerg
  • Spawn Location: 11:00

Zuko - Winner!

  • Race: Terran Terran
  • League: Diamond
  • Spawn Location: 6:00

Malus - Winner!

  • Race: Zerg Zerg
  • League: Diamond
  • Spawn Location: 5:00

VOD

Have the link to the VOD?

Description

Time

  • Played on: Feb. 20, 2021, 4:13 p.m.
  • Length: 14:54
Show
View Real Time Build Order
Export as new Build Order

Massa Terran 

Build Orders: Hellion Opening, Reaper Expand 

Get SALT Encoding   

  12  0:00  SCV  
  13  0:12  SCV  
  14  0:17  Supply Depot  
  14  0:25  SCV  
  15  0:39  SCV  
  15  0:40  Barracks  
  16  0:48  Refinery  
  16  0:51  SCV  
  17  1:03  SCV  
  18  1:15  SCV  
  19  1:30  Orbital Command  
  19  1:42  Command Center  
  19  1:52  Reaper, Supply Depot  
  20  1:57  SCV  
  21  2:15  Factory  
  21  2:19  SCV  
  22  2:26  Barracks Reactor  
  22  2:31  SCV  
  22  2:32  Refinery  
  23  2:43  SCV  
  24  2:53  Orbital Command  
  24  2:58  SCV  
  25  3:03  Starport  
  25  3:11  Barracks Tech Lab, Hellion x2  
  29  3:15  SCV  
  30  3:20  SCV  
  31  3:27  SCV, Supply Depot  
  31  3:31  Supply Depot  
  31  3:32  SCV, Hellion x2  
  37  3:40  SCV  
  38  3:44  SCV  
  38  3:47  Barracks Tech Lab  
  39  3:52  SCV  
  39  3:53  Raven  
  39  3:54  Hellion x2  
  46  3:56  SCV  
  41  4:36  Medivac  
  43  4:48  Barracks  
  43  4:49  Supply Depot  
  43  4:50  Barracks, Supply Depot  
  43  4:57  Siege Tank  
  43  4:58  Marine x2  
  42  5:09  Engineering Bay  
  42  5:10  SCV x2  
  42  5:14  Supply Depot  
  44  5:16  Refinery, Marine x2  
  44  5:20  Medivac  
  48  5:22  SCV x2  
  48  5:27  Supply Depot  
  50  5:29  Siege Tank  
  50  5:34  SCV, Marine x2  
  56  5:40  Barracks Tech Lab, Missile Turret  
  56  5:41  Barracks Tech Lab  
  56  5:49  SCV x2  
  58  5:50  Missile Turret  
  58  5:51  Marine  
  58  5:52  Marine  
  58  5:54  Terran Infantry Weapons Level 1, Command Center  
  60  5:59  Armory  
  60  6:00  Marauder  
  60  6:01  SCV x2, Marauder  
  60  6:04  Widow Mine  
  68  6:09  Marine  
  68  6:10  Marine  
  58  6:36  Marauder x2, Marine x2  
  58  6:39  Siege Tank  
  67  6:44  SCV x2  
  69  6:49  Engineering Bay  
  69  6:50  Stimpack  
  69  6:52  Concussive Shells  
  69  6:54  Marine x2  
  69  6:56  SCV x2  
  69  6:57  Marauder x2  
  77  7:01  Refinery  
  77  7:08  SCV x2  
  79  7:12  Marine x2  
  79  7:14  Siege Tank  
  84  7:19  Marauder x2  
  84  7:20  SCV  
  89  7:23  Medivac  
  89  7:26  Barracks  
  89  7:27  Barracks  
  89  7:29  Marine  
  91  7:34  Refinery  
  91  7:49  Marauder x2, Marine x2  
  97  8:07  Marine x2  
  97  8:10  Marauder  
  97  8:11  Marauder  
  82  8:25  Marine x2  
  76  8:32  Marauder x2  
  80  8:35  Siege Tank  
  80  8:37  Planetary Fortress  
  80  8:38  SCV x2  
  85  8:43  Marine x2  
  85  8:46  Missile Turret  
  87  8:50  Barracks Tech Lab x2, SCV x2  
  87  8:53  Marauder x2  
  93  8:58  Medivac  
  93  9:00  Marine  
  93  9:01  Marine  
  93  9:02  SCV x2  
  98  9:07  Siege Tank  
  98  9:09  Marauder x2  
  106  9:13  SCV  
  106  9:15  Marauder  
  109  9:29  Supply Depot x3  
  109  9:30  Supply Depot  
  109  9:32  Supply Depot  
  109  9:42  Combat Shield  
  109  9:43  Terran Infantry Weapons Level 2  
  109  9:44  Terran Infantry Armor Level 1  
  109  9:50  SCV x2, Marauder x2, Marine  
  109  9:51  Marauder x2  
  122  9:55  Raven  
  122  9:58  Siege Tank  
  125  10:02  SCV  
  125  10:03  SCV  
  127  10:12  Marauder x2  
  131  10:14  SCV  
  131  10:15  SCV  
  90  10:33  Siege Tank  
  90  10:34  Marauder  
  90  10:35  Marauder x3, Marine x2  
  103  10:39  SCV x2  
  103  10:40  SCV  
  103  10:42  Refinery  
  106  10:50  Factory  
  106  10:51  SCV, Factory  
  106  10:56  Marauder x3  
  113  11:05  Siege Tank  
  113  11:10  Medivac  
  118  11:13  Marauder, Marine  
  118  11:14  Marine  
  118  11:17  Marauder x2  
  118  11:18  Marauder  
  128  11:21  Supply Depot  
  128  11:31  Marine  
  128  11:32  Marine  
  130  11:34  Marine  
  130  11:38  Marine x3, Siege Tank  
  137  11:40  Medivac  
  137  11:45  Supply Depot  
  139  12:08  Supply Depot  
  139  12:12  Factory Tech Lab x2  
  139  12:19  Sensor Tower  
  139  12:30  Supply Depot  
  141  12:38  Raven  
  141  12:51  Sensor Tower  
  141  12:53  Sensor Tower, Supply Depot  
  141  13:01  SCV x3  
  144  13:13  SCV x3  
  144  13:16  Supply Depot  
  147  13:21  Raven  
  147  13:22  Command Center  
  147  13:24  Sensor Tower  
  147  13:25  SCV x2  
  151  13:42  Supply Depot  
  151  14:05  Supply Depot  
  151  14:08  Siege Tank x3  
  160  14:10  Marauder x4, Marine x2  
  170  14:26  Bunker  
  170  14:28  Bunker, Marine x2  
  170  14:30  Bunker  
  151  14:31  Marauder x2  
  151  14:32  Marauder x2  
Show
View Real Time Build Order
Export as new Build Order

qqq Zerg 

Build Orders: Hatch First 

Get SALT Encoding   

  12  0:15  Drone x2  
  12  0:17  Overlord  
  14  0:47  Hatchery  
  13  0:53  Drone  
  13  0:54  Drone  
  15  0:58  Drone  
  16  1:06  Drone  
  17  1:21  Spawning Pool  
  17  1:22  Extractor  
  15  1:32  Drone x2  
  17  1:49  Drone x2  
  19  2:02  Drone  
  20  2:13  Extractor  
  20  2:14  Queen x2  
  23  2:16  Drone x2  
  23  2:19  Overlord  
  25  2:32  Overlord  
  25  2:33  Drone x2  
  27  2:40  Metabolic Boost  
  27  2:45  Zergling x2  
  27  2:46  Zergling x2  
  27  2:48  Drone  
  30  2:53  Zergling x2  
  30  2:55  Drone  
  32  3:04  Zergling x2  
  33  3:09  Lair  
  33  3:11  Zergling x2  
  34  3:15  Zergling x2  
  34  3:16  Zergling x2  
  36  3:21  Drone, Evolution Chamber  
  36  3:25  Zergling x4  
  39  3:27  Zergling x2  
  39  3:29  Overlord  
  39  3:32  Zergling x2  
  40  3:35  Drone  
  40  3:37  Zergling x2  
  40  3:40  Zergling x2  
  43  3:42  Zergling x2  
  44  3:50  Zergling x2  
  44  3:51  Zerg Melee Weapons Level 1  
  44  3:52  Zergling x2  
  44  3:54  Zergling x2  
  47  4:01  Zergling x2, Overlord  
  48  4:06  Zergling x2  
  48  4:08  Drone, Zergling x2  
  48  4:24  Zergling x4  
  49  4:25  Drone x2  
  47  4:37  Zergling x6  
  50  4:38  Zergling x6  
  50  4:39  Zergling x2  
  46  4:46  Zergling x2  
  47  5:01  Drone, Zergling x6  
  47  5:03  Hatchery  
  47  5:04  Drone, Zergling x2  
  47  5:05  Zergling x4  
  54  5:16  Drone, Spire  
  54  5:20  Extractor  
  54  5:21  Extractor x2, Drone  
  51  5:23  Drone  
  53  5:29  Baneling Nest  
  53  5:30  Drone  
  53  5:32  Drone  
  53  5:35  Drone  
  55  5:37  Drone  
  55  5:40  Drone  
  55  5:41  Drone  
  58  5:45  Drone x2  
  60  5:51  Overlord  
  60  6:03  Overlord  
  60  6:15  Baneling x5  
  60  6:16  Drone x4  
  60  6:17  Drone x3  
  63  6:28  Zergling x6  
  63  6:29  Zergling x2  
  64  6:35  Zergling x4  
  65  6:40  Zergling x2  
  65  6:41  Zergling x4  
  68  6:49  Mutalisk x2  
  72  6:55  Queen  
  72  6:59  Mutalisk  
  76  7:06  Mutalisk x2  
  80  7:13  Baneling x4  
  80  7:15  Drone x2  
  82  7:16  Overlord x2  
  82  7:34  Mutalisk x2  
  86  7:42  Hatchery  
  55  7:58  Mutalisk  
  55  7:59  Mutalisk x3  
  55  8:00  Zergling x14  
  55  8:01  Drone  
  68  8:05  Zergling x2  
  68  8:06  Zergling x4  
  68  8:11  Zergling x4  
  41  8:31  Zergling x2  
  41  8:32  Zergling x6  
  41  8:34  Drone x2  
  38  8:44  Drone x2  
  38  8:47  Drone  
  41  9:06  Drone x4  
  38  9:14  Zergling x2  
  38  9:15  Zergling x4  
  29  9:21  Drone  
  29  9:31  Zergling x2  
  30  9:34  Drone  
  31  9:45  Drone  
  31  9:46  Drone  
  31  9:51  Drone  
  34  9:54  Drone  
  34  9:59  Baneling x2  
  35  10:01  Baneling  
  35  10:07  Drone  
  35  10:09  Drone  
  35  10:11  Drone  
  38  10:15  Drone  
  37  10:37  Drone x5  
  37  10:38  Drone x2  
  42  10:52  Drone x6  
  48  11:02  Drone x5  
  47  11:06  Baneling x3  
  45  11:15  Zergling x12  
  51  11:28  Drone x6  
  51  11:29  Drone x3  
  60  12:02  Zergling x4  
  60  12:03  Zergling x8  
  65  12:18  Drone  
  65  12:19  Drone x5  
  65  12:20  Drone x2, Zergling x10  
  65  12:21  Zergling x2  
  79  12:24  Extractor, Queen  
  79  12:26  Extractor  
  79  12:35  Infestation Pit  
  79  12:36  Zerg Flyer Armor Level 1  
  76  12:41  Spine Crawler  
  76  12:44  Extractor  
  70  12:48  Drone x2  
  70  12:50  Extractor  
  70  12:51  Extractor  
  70  12:57  Drone x5  
  70  12:58  Drone x5  
  80  13:01  Hatchery  
  80  13:02  Hatchery  
  54  13:28  Hive  
  54  13:31  Drone  
  54  13:32  Drone x2  
  57  13:46  Drone x2  
  57  13:47  Drone, Spine Crawler  
  57  13:49  Mutalisk x4  
  64  14:00  Zergling x2  
  64  14:01  Drone  
  66  14:08  Zergling x4  
  66  14:09  Drone  
  69  14:15  Zergling x4  
  71  14:23  Drone  
  72  14:25  Zergling x2  
  72  14:27  Baneling  
  72  14:28  Baneling x5  
  67  14:32  Zergling x2  
  67  14:34  Drone  
Show
View Real Time Build Order
Export as new Build Order

Zuko Terran - Winner!

Build Orders:  

Get SALT Encoding   

  12  0:00  SCV  
  13  0:12  SCV  
  14  0:17  Supply Depot  
  14  0:24  SCV  
  15  0:39  SCV  
  15  0:41  Barracks  
  16  0:46  Refinery  
  16  0:51  SCV  
  17  1:03  SCV  
  18  1:10  Barracks  
  18  1:22  SCV  
  19  1:31  Reaper  
  20  1:34  Orbital Command, Supply Depot  
  20  1:58  Reaper  
  20  2:00  SCV  
  22  2:18  Reaper, SCV  
  24  2:22  Command Center  
  24  2:32  SCV  
  24  2:34  Reaper  
  26  2:41  Refinery  
  26  2:50  Supply Depot  
  26  2:54  Reaper  
  27  3:04  Command Center  
  27  3:07  Barracks Tech Lab  
  27  3:14  SCV  
  27  3:18  Engineering Bay  
  28  3:24  Barracks  
  28  3:32  Stimpack  
  28  3:36  Orbital Command  
  28  3:37  SCV  
  29  3:44  Marine  
  29  3:45  Marine  
  31  3:49  SCV  
  32  4:01  SCV  
  31  4:26  Marine x3  
  31  4:27  SCV, Orbital Command  
  35  4:43  Orbital Command  
  35  4:44  Marine x2  
  37  4:46  Marine  
  37  4:47  SCV x2  
  40  4:52  Factory  
  40  4:58  Terran Infantry Weapons Level 1  
  40  4:59  SCV, Factory  
  41  5:00  SCV  
  41  5:02  Marine  
  43  5:09  SCV  
  43  5:11  SCV  
  43  5:12  SCV  
  46  5:15  Marine x2  
  46  5:20  Marine, Combat Shield  
  46  5:21  SCV  
  50  5:23  SCV  
  50  5:24  SCV  
  50  5:25  Engineering Bay  
  53  5:35  SCV  
  53  5:36  SCV, Barracks  
  53  5:38  Starport, Factory Reactor  
  53  5:40  Barracks  
  54  5:43  Marine  
  54  5:44  Refinery, Marine x2  
  54  5:45  Refinery  
  57  5:51  SCV x3  
  60  6:01  Marine x2  
  60  6:03  SCV x3  
  65  6:09  Barracks  
  65  6:10  Barracks  
  65  6:13  Marine  
  65  6:14  Barracks  
  65  6:15  SCV  
  67  6:19  Marine x2  
  69  6:36  Marine  
  69  6:41  Marine  
  69  6:43  Marine  
  69  6:49  Supply Depot  
  69  6:50  Terran Infantry Armor Level 1, Armory  
  69  6:52  Supply Depot  
  69  7:00  Marine x3  
  69  7:01  SCV x3  
  77  7:03  Command Center  
  77  7:08  Marine x2  
  77  7:10  Marine x2  
  77  7:13  SCV x2  
  77  7:14  Factory  
  77  7:15  Factory Tech Lab, Marine, Medivac x2  
  85  7:16  SCV  
  85  7:18  Marine x2  
  89  7:22  Missile Turret  
  89  7:24  Missile Turret  
  89  7:25  SCV  
  89  7:26  Missile Turret  
  89  7:27  Missile Turret  
  90  7:30  Concussive Shells  
  90  7:33  Sensor Tower  
  90  7:34  Supply Depot x2  
  77  8:16  Marine x6  
  73  8:28  Marine x2  
  73  8:29  SCV x2  
  73  8:30  Siege Tank  
  73  8:33  Marine  
  81  8:34  Marine x3  
  81  8:35  Marine  
  81  8:41  SCV x3  
  87  8:46  Missile Turret  
  87  8:48  Missile Turret  
  88  8:49  Missile Turret  
  88  8:51  Marine x4  
  88  8:52  Missile Turret x2  
  88  8:53  Missile Turret  
  88  8:55  Factory Tech Lab, Medivac x2  
  96  8:56  Marine x4  
  96  9:00  Supply Depot  
  96  9:02  Supply Depot  
  100  9:09  Marauder, Marine x3  
  105  9:10  Thor  
  105  9:12  Terran Infantry Armor Level 2, Terran Infantry Weapons Level 2  
  105  9:13  Marine  
  105  9:14  Marine  
  113  9:24  Planetary Fortress  
  113  9:25  Supply Depot x2  
  113  9:26  Marine x3  
  113  9:27  Marine x2, Thor  
  113  9:28  Medivac  
  126  9:37  Marine x2  
  126  9:38  Marine  
  129  9:43  Marine, Missile Turret  
  129  9:44  Marine x3  
  133  9:45  Missile Turret  
  133  9:48  Supply Depot  
  133  9:49  Missile Turret  
  133  9:50  Missile Turret  
  134  9:52  SCV  
  134  9:53  SCV x2  
  134  9:56  Refinery, Marine x3  
  134  9:57  Refinery, Marauder  
  141  10:05  SCV, Marine x3  
  145  10:18  Marauder  
  118  10:30  Marine x2  
  118  10:31  Marine x5  
  118  10:33  Thor x2  
  118  10:34  Medivac  
  139  10:40  Marauder  
  141  10:48  Marine x3, Medivac  
  141  10:49  Marine x4  
  150  11:01  Marine  
  151  11:04  Medivac  
  153  11:11  Command Center  
  153  11:13  Marine x2  
  153  11:14  Marine x2  
  157  11:19  Marauder  
  159  11:37  Barracks Tech Lab x3, Marine  
  159  11:38  Marine x3  
  163  11:53  Marauder  
  163  12:00  Siege Tank  
  163  12:06  Marine  
  163  12:07  Marine  
  164  12:18  Supply Depot  
  164  12:19  Supply Depot  
  164  12:23  Marine, Supply Depot  
  164  12:24  Marine x2  
  164  12:28  Marine  
  164  12:29  Marine  
  164  12:36  Marine  
  164  12:39  SCV x3, Siege Tank  
  164  12:40  SCV, Marauder, Supply Depot  
  164  12:43  Marauder  
  175  12:45  Marine x3  
  175  12:46  Marine, Supply Depot  
  175  12:47  Marine  
  180  12:52  SCV  
  180  12:53  SCV  
  180  12:54  SCV x2, Marine  
  185  12:59  Command Center  
  185  13:00  Command Center, Medivac  
  185  13:01  Marine  
  185  13:02  Marine, Medivac  
  185  13:03  Marine x2  
  185  13:04  SCV, Marauder  
  185  13:05  Supply Depot  
  196  13:08  Marauder, Marine  
  196  13:09  Barracks  
  196  13:11  Barracks  
  196  13:12  Barracks  
  199  13:29  Armory  
  188  13:43  Marine x6  
  188  13:44  Marauder  
  188  13:46  Siege Tank  
  198  14:01  Marine x2  
  200  14:12  Starport  
  200  14:13  Starport  
Show
View Real Time Build Order
Export as new Build Order

Malus Zerg - Winner!

Build Orders: Hatch First, Lurkers, Zergling Baneling 

Get SALT Encoding   

  12  0:01  Drone  
  13  0:13  Overlord  
  13  0:16  Drone  
  14  0:31  Drone x2  
  16  0:52  Hatchery, Drone  
  16  0:55  Drone  
  17  0:59  Drone  
  18  1:10  Extractor  
  17  1:14  Spawning Pool  
  17  1:17  Drone  
  17  1:20  Drone  
  18  1:29  Drone  
  19  1:44  Drone  
  20  1:51  Drone  
  21  2:03  Queen  
  21  2:04  Queen  
  21  2:05  Zergling x4  
  27  2:10  Metabolic Boost  
  27  2:12  Overlord  
  27  2:22  Drone  
  28  2:35  Drone x3  
  31  2:41  Zergling x2  
  32  2:48  Zergling x4  
  34  2:59  Hatchery  
  34  3:00  Zergling x4  
  35  3:07  Drone  
  35  3:10  Evolution Chamber  
  35  3:14  Drone  
  35  3:15  Baneling Nest  
  35  3:17  Overlord  
  35  3:22  Zergling x2  
  35  3:24  Overlord  
  36  3:40  Zerg Ground Armor Level 1  
  36  3:42  Zergling x10  
  36  3:44  Zergling x2  
  42  3:57  Zergling x8  
  42  3:58  Zergling x2  
  42  3:59  Zergling x2  
  48  4:05  Baneling  
  48  4:06  Baneling x3  
  38  4:24  Zergling x2  
  38  4:25  Zergling x14  
  43  4:32  Zergling x6  
  46  4:41  Queen  
  45  4:48  Drone x3  
  45  4:49  Drone  
  49  4:53  Baneling x3  
  49  4:54  Baneling  
  49  4:56  Drone  
  50  5:05  Drone x3  
  52  5:12  Drone x3  
  52  5:13  Drone  
  56  5:17  Zergling x2  
  56  5:18  Overlord  
  57  5:25  Overlord  
  57  5:32  Overlord  
  57  5:35  Zerg Melee Weapons Level 1  
  57  5:38  Zergling x10  
  62  5:51  Drone x8  
  70  5:58  Baneling x4  
  70  6:05  Drone x4  
  70  6:07  Overlord  
  70  6:08  Queen  
  70  6:10  Zergling x2  
  60  6:35  Baneling x3  
  60  6:36  Baneling, Zergling x2  
  60  6:37  Zergling x16  
  69  6:44  Drone x2, Extractor  
  70  6:47  Extractor  
  70  6:49  Extractor, Zergling x2  
  70  6:52  Zergling x4  
  71  7:01  Zergling x2  
  72  7:07  Lair  
  72  7:10  Queen x2  
  72  7:12  Zergling x12  
  82  7:18  Drone x4  
  82  7:20  Zergling x8  
  82  7:21  Baneling x2  
  90  7:28  Overlord  
  90  7:37  Overlord  
  90  7:39  Hatchery  
  82  7:49  Zergling x12  
  82  7:50  Zergling x2  
  82  8:05  Zergling x2  
  82  8:06  Zergling x12  
  84  8:17  Zergling x4  
  84  8:18  Zergling x6  
  84  8:23  Zergling x6  
  81  8:34  Zergling x2  
  81  8:35  Zergling x4  
  77  8:43  Drone  
  77  8:45  Queen x2, Spore Crawler  
  77  8:46  Queen  
  82  8:51  Hydralisk Den  
  82  8:53  Drone x3  
  82  8:54  Spore Crawler  
  82  8:55  Spore Crawler  
  82  8:57  Drone x2  
  82  8:58  Spore Crawler  
  82  9:01  Drone  
  83  9:05  Drone  
  80  9:10  Drone  
  80  9:15  Zergling x2  
  76  9:19  Drone x2  
  76  9:23  Drone x4  
  81  9:29  Extractor  
  81  9:30  Drone x2  
  83  9:31  Zergling x6  
  83  9:32  Extractor  
  83  9:36  Muscular Augments  
  78  9:39  Infestation Pit  
  78  9:43  Lurker Den  
  78  9:44  Drone, Spore Crawler  
  78  9:45  Drone x2  
  78  9:46  Zergling x4  
  78  9:47  Spore Crawler  
  78  9:50  Spore Crawler  
  78  9:54  Drone x3  
  81  10:01  Drone x5  
  81  10:02  Drone x3, Spore Crawler x2  
  81  10:06  Spine Crawler  
  86  10:07  Drone x3  
  86  10:09  Zergling x6  
  92  10:16  Zergling x2  
  92  10:17  Zergling x4  
  94  10:30  Zergling x8  
  94  10:32  Overlord x4  
  95  10:47  Grooved Spines  
  95  10:50  Hive  
  95  10:53  Drone x9  
  96  11:07  Drone x2  
  96  11:09  Overlord x2  
  96  11:10  Overlord  
  96  11:21  Spore Crawler  
  96  11:22  Drone, Spore Crawler  
  96  11:23  Drone  
  96  11:24  Overlord x3  
  96  11:25  Overlord x2  
  96  11:30  Hydralisk x6  
  96  11:31  Hydralisk  
  110  11:38  Evolution Chamber  
  110  11:39  Evolution Chamber  
  108  11:40  Overlord x4  
  108  11:41  Overlord  
  108  11:57  Hydralisk x8  
  108  12:01  Extractor, Queen  
  123  12:03  Extractor  
  123  12:04  Drone x2  
  123  12:05  Drone  
  123  12:06  Drone x2  
  123  12:07  Drone  
  130  12:08  Hydralisk  
  130  12:09  Hydralisk x2  
  130  12:12  Seismic Spines  
  132  12:30  Zerg Missile Weapons Level 1, Zerg Melee Weapons Level 2  
  132  12:31  Hydralisk  
  132  12:32  Hydralisk x10  
  132  12:34  Lurker  
  132  12:35  Lurker x12  
  167  12:38  Zergling x2  
  167  12:39  Zergling x8  
  172  12:45  Hatchery  
  172  12:48  Zergling x2  
  172  12:49  Zergling x8  
  176  12:52  Centrifical Hooks  
  176  12:56  Hydralisk x2  
  176  12:57  Hydralisk x2  
  184  13:02  Spine Crawler  
  183  13:05  Spine Crawler  
  183  13:06  Zergling x10, Spore Crawler  
  183  13:07  Zergling x6  
  183  13:08  Baneling x10  
  183  13:09  Adaptive Talons  
  179  13:27  Drone x9  
  179  13:28  Drone x2  
  190  13:38  Zergling x2  
  190  13:39  Zergling x2  
  190  13:41  Overlord x4  
  192  13:51  Spine Crawler x3  
  192  13:54  Spine Crawler  
  187  14:02  Zergling x22  
  189  14:03  Zergling x8  
  193  14:20  Hydralisk x3  
  199  14:34  Hatchery  
Tags
 
Add a new tag
Caveats
  • Supply blocks, unpowered buildings, or Contaminate may cause inaccurate times.
  • Supply counts are checked every 10 seconds.